 Dungeon Crawl Stone Soup version 0.28.0-53-g5a82cb258f (webtiles) character file.

Game seed: 9625147378536956722

110898 safid the Severer (level 16, -4/147 HPs)
             Began as a Hill Orc Fighter on July 30, 2022.
             Was the Champion of Qazlal.
             Killed from afar by an Ice Fiend (13 damage)
             ... with a bolt of cold
             ... in an ice cave.
             The game lasted 00:44:01 (23080 turns).

safid the Severer (Hill Orc Fighter)               Turns: 23080, Time: 00:44:01

Health: -4/147     AC: 28    Str: 27    XL:     16   Next: 56%
Magic:  28/28      EV:  9    Int:  8    God:    Qazlal [******]
Gold:   1399       SH: 19    Dex: 10    Spells: 15/15 levels left

rFire   + . .      SeeInvis .   c - +0 broad axe
rCold   + + .      Faith    .   Y - +0 kite shield
rNeg    . . .      Spirit   .   R - +11 chain mail "Qaudd" {rF+}
rPois   .          Reflect  .   j - +0 helmet
rElec   .          Harm     .   v - +1 cloak
rCorr   .          Rampage  .   (no gloves)
Will    ++...                   n - +0 pair of boots
Stlth   ..........              x - amulet of regeneration
HPRegen 1.14/turn               A - ring of protection from cold
MPRegen 0.21/turn               b - ring of willpower

@: about to teleport, protected from cold, studying Crossbows, repel missiles
A: no striking features
a: Renounce Religion, Upheaval, Elemental Force, Disaster Area


You were in an ice cave.
You worshipped Qazlal.
Qazlal was exalted by your worship.
You visited 3 branches of the dungeon, and saw 22 of its levels.
You also visited: Sewer, Ice Cave and Volcano.

You collected 2200 gold pieces.
You spent 801 gold pieces at shops.

Inventory:

Hand Weapons
 c - a +0 broad axe (weapon)
Missiles
 z - a curare-tipped dart (quivered)
 M - 4 throwing nets
Armour
 j - a +0 helmet (worn)
 n - a +0 pair of boots (worn)
 v - a +1 cloak (worn)
 R - the +11 chain mail "Qaudd" (worn) {rF+}
   (You took it off a gnoll on level 8 of the Dungeon)

   rF:        It protects you from fire.
 Y - a +0 kite shield (worn)
Jewellery
 b - a ring of willpower (right hand)
 q - a ring of poison resistance
 x - an amulet of regeneration (around neck)
 y - a ring of flight
 A - a ring of protection from cold (left hand)
 S - a ring of resist corrosion
 X - a ring of fire
Wands
 r - a wand of iceblast (1)
 J - a wand of paralysis (7)
 L - a wand of flame (21)
 N - a wand of mindburst (9)
 Q - a wand of polymorph (15)
 V - a wand of digging (11)
Scrolls
 e - 2 scrolls of holy word
 g - 2 scrolls of torment {unknown}
 h - 17 scrolls of teleportation
 i - 8 scrolls of enchant armour
 k - 5 scrolls of blinking
 l - 2 scrolls of silence
 u - 8 scrolls of fog
 C - 2 scrolls of brand weapon {unknown}
 D - a scroll of amnesia
 E - 3 scrolls of fear
 I - a scroll of magic mapping {unknown}
 O - 2 scrolls of acquirement {unknown}
 P - 2 scrolls of enchant weapon {unknown}
Potions
 a - a potion of brilliance {unknown}
 d - 4 potions of might
 o - a potion of invisibility {unknown}
 p - 3 potions of haste {unknown}
 s - 5 potions of curing
 t - 5 potions of flight
 w - 3 potions of cancellation
 B - 5 potions of magic
 G - 4 potions of heal wounds {unknown}
 H - 3 potions of ambrosia {unknown}
 K - a potion of lignification
 T - a potion of resistance {unknown}
 U - 2 potions of mutation {unknown}
Miscellaneous
 f - a condenser vane


   Skills:
 + Level 14.8 Fighting
 * Level 17.4 Axes
 - Level 10.0 Throwing
 - Level 12.0 Armour
 - Level 6.0 Dodging
 * Level 12.0 Shields
 + Level 16.8 Invocations


You had 15 spell levels left.
You didn't know any spells.
Your spell library contained the following spells:

 Spells                   Type           Power      Damage    Failure   Level
 Apportation              Tloc           0%         N/A       98%         1
 Passage of Golubria      Tloc           0%         N/A       100%        4
 Alistair's Intoxication  Tmut/Pois      0%         N/A       100%        5
 Silence                  Hex/Air        0%         N/A       100%        5
 Lehudib's Crystal Spear  Conj/Erth      0%         10d2      100%        8
 Chain Lightning          Conj/Air       0%         N/A       100%        9
 Fire Storm               Conj/Fire      0%         5d1       100%        9
 Shatter                  Erth           0%         3d5*      100%        9


Dungeon Overview and Level Annotations

Branches:
Dungeon (14/15)            Temple (0/1) D:4            Lair (6/6) D:10
  Swamp (0/4) Lair:2        Snake (0/4) Lair:2        Slime (0/5) Lair:6
    Orc (2/2) D:11            Elf (0/3) Orc:2        Vaults (0/5) D:13
  Sewer (visited)           IceCv (1/1)             Volcano (visited)

Altars:
Elyvilon
Gozag
Qazlal
Sif Muna
Xom
Jiyva

Shops:
Orc:1 **=(   Orc:2 :[((

Portals:
Trove: D:13 (show slimy rune of Zot)

Annotations:
D:5 3 runed translucent doors, OhItsWolfy's ghost, amateur GrGl
D:9 1 runed translucent door, DocClef's ghost, novice GnFE
Lair:5 1 runed translucent door, jjjjhere's ghost, journeyman TrDe
Lair:6 1 runed translucent door


Message History

Unknown command.
You feel better.
You hear a roar!
The entropy weaver simulacrum barely misses you.
The entropy weaver simulacrum hits you.
* * * LOW HITPOINT WARNING * * *
The entropy weaver simulacrum freezes you!
You resist.
* * * LOW HITPOINT WARNING * * *
You block the entropy weaver simulacrum's attack. x2
You feel better.
The entropy weaver simulacrum hits you but does no damage. x2
You block the entropy weaver simulacrum's attack. x2
Unknown command.
You slice the entropy weaver simulacrum!!
The entropy weaver simulacrum vaporises!
Qazlal accepts your kill.
Unknown command.
You start resting.
An Ice Fiend comes into view.
You cannot teleport because you are held in place by your roots.
Your magical effects are unravelling.
You feel magically purged.
You feel less wooden.
Your +1 cloak unmelds from your body.
Your +0 helmet unmelds from your body.
Your +0 pair of boots unmelds from your body.
The +11 chain mail "Qaudd" {rF+} unmelds from your body.
As you read the scroll of teleportation, it crumbles to dust.
You feel strangely unstable. The Ice Fiend gestures at you.
The bolt of cold hits you! You resist.
* * * LOW HITPOINT WARNING * * *
Unknown command.
The Ice Fiend calls on the powers of darkness!
Your body is wracked with pain!
* * * LOW HITPOINT WARNING * * *
A harpy simulacrum comes into view.
The Ice Fiend gestures at you. The bolt of cold hits you! You resist.
You die...

##≈# #≈≈#######
≈≈##.....# ##.
≈#..###..# #...
#.####..## ##....
.##...### #...Z#
.####..# ##....#
.##...## ##...#
.#..### #.@#########
###..#
##...##....###
##..##
####1...#...###
#..###
#######....###
##...### ####
####...##
.####..######..###
##...#
....##....#...#..###
##...
.....####...#####..#
##..⌠. ....##[#.####
#..##########.....


You could see an Ice Fiend and a harpy simulacrum.

Vanquished Creatures
  An orc warlord (Orc:2)
  Josephine (D:12)
  A fire dragon (Volcano)
  An ice dragon (D:14)
  Harold (Orc:1)
  2 vault guards (D:13)
  8 hydras
  A caustic shrike simulacrum (IceCv)
  5 boulder beetles
  Erica (Orc:1)
  3 catoblepae (Lair:6)
  4 centaur warriors
  7 two-headed ogres
  14 death yaks
  Urug (Lair:6)
  Nergalle (Orc:2)
  5 spriggan simulacra (IceCv)
  A bog body (IceCv)
  2 wizards
  A swamp dragon (Lair:1)
  Pikel (D:7)
  5 lindwurms
  4 orc knights (Orc:2)
  A deep elf pyromancer (D:8)
  5 necromancers (D:13)
  5 orc sorcerers
  An oklob plant (D:10)
  An ugly thing (D:11)
  4 elephants (Lair:5)
  3 cyclopes
  3 manticores
  5 black mambas
  3 torpor snails
  2 smoke demons (Volcano)
  A gargoyle (D:12)
  11 cane toads
  An unseen horror (D:13)
  2 freezing wraiths (IceCv)
  6 komodo dragons
  An efreet (D:13)
  5 rime drakes
  A tengu conjurer (D:13)
  2 kobold demonologists
  7 ice devils (IceCv)
  6 entropy weaver simulacra (IceCv)
  6 trolls
  A hornet (D:11)
  A raiju (shapeshifter) (D:13)
  20 blink frogs
  7 dream sheep
  9 slime creatures (D:12)
  2 shadows
  3 wyverns
  91 yaks
  4 wraiths
  3 basilisks
  A yak (shapeshifter) (D:13)
  15 humans (D:13)
  3 fire bats (Lair:4)
  4 vampire mosquitoes (D:12)
  8 steam dragons
  11 minotaur simulacra (IceCv)
  Menkaure (D:6)
  7 wargs
  2 harpy simulacra (IceCv)
  3 hell hounds (Volcano)
  3 acid dragons
  A hydra simulacrum (IceCv)
  18 water moccasins
  34 orc warriors
  An ice beast (D:6)
  3 black bears
  A necrophage (D:5)
  2 sky beasts (D:7)
  2 alligator simulacra (IceCv)
  21 centaurs
  6 ogres
  44 wolves
  A phantom (D:5)
  2 kobold brigands
  10 bullfrogs
  A deep troll simulacrum (IceCv)
  3 scorpions
  A water moccasin skeleton (D:4)
  A wyvern skeleton (D:7)
  4 killer bees (D:10)
  17 wights
  8 howler monkeys
  3 electric eels (Lair:1)
  2 centaur zombies
  3 hounds
  A gnoll shaman (D:4)
  11 orc priests
  4 iguanas
  A scorpion zombie (D:5)
  21 orc wizards
  A killer bee zombie (D:5)
  A hound zombie (D:5)
  2 howler monkey zombies
  11 gnolls
  12 adders
  An ufetubus (D:4)
  An adder skeleton (D:4)
  3 worms
  2 dart slugs (D:3)
  52 orcs
  9 bats
  16 endoplasms
  15 giant cockroaches
  5 hobgoblins
  3 jackals (D:3)
  5 quokkas
  11 ball pythons
  12 frilled lizards
  7 goblins
  12 kobolds
  6 rats
766 creatures vanquished.

Vanquished Creatures (collateral kills)
  A two-headed ogre (D:8)
  An orc high priest (Orc:2)
  An orc knight (Orc:2)
  5 orc warriors (Orc:2)
  An ogre (Orc:2)
  3 centaurs (Orc:2)
  A gnoll sergeant (D:8)
  An orc priest (Orc:2)
  2 orc wizards (Orc:2)
  A gnoll (Orc:2)
  6 orcs (Orc:2)
23 creatures vanquished.

Vanquished Creatures (others)
  An orc wizard (D:11)
  13 fungi
  56 plants
70 creatures vanquished.

Grand Total: 859 creatures vanquished

Notes
Turn   | Place    | Note
-------+----------+-------------------------------------------
     0 | D:1      | safid the Hill Orc Fighter began the quest for the Orb.
     0 | D:1      | Reached XP level 1. HP: 19/19 MP: 1/1
   179 | D:1      | Reached XP level 2. HP: 17/27 MP: 2/2
   180 | D:1      | Reached skill level 3 in Axes
   514 | D:1      | Found a faded altar of an unknown god.
   528 | D:1      | Prayed at the altar of an unknown god.
   528 | D:1      | Became a worshipper of Qazlal Stormbringer
   528 | D:1      | Reached * piety under Qazlal
   699 | D:1      | Reached XP level 3. HP: 29/33 MP: 3/3
  1529 | D:3      | Reached XP level 4. HP: 28/40 MP: 4/4
  1680 | D:3      | Reached ** piety under Qazlal
  1681 | D:3      | Reached skill level 4 in Axes
  2311 | D:4      | Reached skill level 5 in Axes
  2311 | D:4      | Reached XP level 5. HP: 36/46 MP: 5/5
  2351 | D:3      | HP: 2/46 [poisoned by an adder]
  2643 | D:4      | Reached skill level 6 in Axes
  2866 | D:4      | Reached XP level 6. HP: 38/52 MP: 6/6
  3135 | D:4      | Reached skill level 7 in Axes
  3427 | D:4      | Found a staircase to the Ecumenical Temple.
  4146 | D:5      | Entered Level 5 of the Dungeon
  4156 | D:5      | Reached skill level 8 in Axes
  4242 | D:5      | Reached XP level 7. HP: 32/59 MP: 7/7
  4391 | D:5      | Reached skill level 9 in Axes
  4732 | D:5      | Noticed a kobold demonologist
  4740 | D:5      | Killed a kobold demonologist
  4741 | D:5      | Reached skill level 10 in Axes
  4741 | D:5      | Reached XP level 8. HP: 65/66 MP: 8/8
  4749 | D:5      | Reached skill level 11 in Axes
  4939 | D:5      | Found a runed translucent gate.
  4940 | D:5      | Found a runed translucent gate.
  4941 | D:5      | Found a runed translucent gate.
  4942 | D:5      | Found an opulent altar of Gozag.
  4942 | D:5      | Noticed a yak
  4943 | D:5      | Noticed OhItsWolfy's ghost (amateur GrGl)
  5003 | D:5      | Identified the +1 ring mail "Rebougha" {rF+ rCorr Str-3}
  5047 | D:5      | Reached *** piety under Qazlal
  5169 | D:5      | Reached skill level 12 in Axes
  5519 | D:6      | Noticed Menkaure
  5530 | D:6      | Killed Menkaure
  5559 | D:6      | Reached skill level 13 in Axes
  5721 | D:6      | Found a shimmering blue altar of Sif Muna.
  5763 | D:6      | Found a glowing drain.
  5792 | Sewer    | Entered a sewer
  6242 | Sewer    | Reached XP level 9. HP: 71/71 MP: 9/9
  6245 | Sewer    | Reached **** piety under Qazlal
  6256 | Sewer    | Reached skill level 14 in Axes
  6702 | D:6      | Reached skill level 15 in Axes
  7185 | D:7      | Noticed Pikel
  7206 | D:7      | Killed Pikel
  7207 | D:7      | Reached skill level 16 in Axes
  7207 | D:7      | Reached skill level 1 in Throwing
  7282 | D:7      | Reached skill level 5 in Fighting
  7282 | D:7      | Reached XP level 10. HP: 52/81 MP: 10/12
  7299 | D:7      | Reached skill level 5 in Armour
  7761 | D:7      | Identified the +4 quarterstaff of Zaidgh Ziohyt {vorpal,
                  | Will- rCorr Dex+4}
  8119 | D:8      | Identified the +11 chain mail "Qaudd" {rF+}
  8120 | D:8      | Noticed a two-headed ogre
  8130 | D:8      | Killed a two-headed ogre
  8131 | D:8      | Reached skill level 5 in Invocations
  8176 | D:8      | Noticed a two-headed ogre
  8189 | D:8      | Killed a two-headed ogre
  8297 | D:8      | Noticed a deep elf pyromancer
  8304 | D:8      | Killed a deep elf pyromancer
  8305 | D:8      | Reached XP level 11. HP: 66/92 MP: 11/15
  9300 | D:9      | Reached ***** piety under Qazlal
  9327 | D:9      | Noticed a two-headed ogre
  9341 | D:9      | Killed a two-headed ogre
  9342 | D:9      | Reached skill level 5 in Throwing
  9920 | D:9      | Found a runed translucent door.
  9922 | D:9      | Noticed DocClef's ghost (novice GnFE)
  9922 | D:9      | Identified the +8 trident "Itub" {flame, rElec}
 10168 | D:10     | Entered Level 10 of the Dungeon
 10257 | D:10     | Found a staircase to the Lair.
 10260 | D:10     | Noticed an oklob plant
 10269 | D:10     | Killed an oklob plant
 10298 | D:10     | Noticed a centaur warrior
 10309 | D:10     | Killed a centaur warrior
 10310 | D:10     | Reached skill level 1 in Dodging
 10322 | D:10     | Noticed a sixfirhy
 10682 | D:11     | Noticed a six-headed hydra
 10686 | D:11     | Killed a six-headed hydra
 10690 | D:11     | Noticed a two-headed ogre
 10693 | D:11     | Noticed a red ugly thing
 10701 | D:11     | Killed a red ugly thing
 10702 | D:11     | Killed a two-headed ogre
 10703 | D:11     | Reached XP level 12. HP: 94/104 MP: 10/18
 10788 | D:11     | Found a white marble altar of Elyvilon.
 10795 | D:11     | Noticed a two-headed ogre
 10816 | D:11     | Killed a two-headed ogre
 11073 | D:11     | Noticed a two-headed ogre
 11084 | D:11     | Killed a two-headed ogre
 11096 | D:11     | Noticed a two-headed ogre
 11107 | D:11     | Killed a two-headed ogre
 11156 | D:11     | Found a staircase to the Orcish Mines.
 11222 | D:11     | You fall into a shaft and drop 1 floor!
 11304 | D:12     | Noticed Josephine
 11319 | D:12     | Killed Josephine
 11321 | D:12     | Reached skill level 10 in Fighting
 11355 | D:12     | Reached skill level 10 in Invocations
 12180 | D:12     | Noticed a boulder beetle
 12204 | D:12     | Killed a boulder beetle
 12364 | Lair:1   | Entered Level 1 of the Lair of Beasts
 12394 | Lair:1   | Noticed a six-headed hydra
 12402 | Lair:1   | Killed a seven-headed hydra
 12418 | Lair:1   | Reached XP level 13. HP: 96/114 MP: 12/21
 12421 | Lair:1   | Reached skill level 10 in Armour
 13236 | Lair:2   | Found a staircase to the Swamp.
 13303 | Lair:2   | Reached skill level 5 in Dodging
 13904 | Lair:2   | Found a staircase to the Snake Pit.
 14287 | Lair:2   | Reached XP level 14. HP: 104/126 MP: 17/23
 15087 | Lair:4   | Found a dark tunnel.
 15097 | Volcano  | Entered a volcano
 16227 | Lair:5   | Reached skill level 10 in Throwing
 16722 | Lair:5   | Found a runed translucent door.
 16811 | Lair:5   | Reached skill level 5 in Shields
 17088 | Lair:5   | Found a shimmering altar of Xom.
 17088 | Lair:5   | Noticed jjjjhere's ghost (journeyman TrDe)
 17122 | Lair:6   | Entered Level 6 of the Lair of Beasts
 17320 | Lair:6   | Reached XP level 15. HP: 132/134 MP: 26/26
 17452 | Lair:6   | Found a runed translucent door.
 17453 | Lair:6   | Found a viscous altar of Jiyva.
 17454 | Lair:6   | Found a staircase to the Slime Pits.
 17521 | Lair:6   | Reached skill level 15 in Invocations
 17543 | Lair:6   | Noticed Urug
 17569 | Lair:6   | Killed Urug
 17935 | Lair:6   | Reached ****** piety under Qazlal
 19007 | D:13     | Reached skill level 10 in Shields
 19132 | Orc:1    | Entered Level 1 of the Orcish Mines
 19132 | Orc:1    | Noticed Harold
 19132 | Orc:1    | Found Ytiavefit's Weapon Boutique.
 19141 | Orc:1    | Noticed Erica
 19157 | Orc:1    | Killed Harold
 19160 | Orc:1    | Killed Erica
 19249 | Orc:1    | Bought a +0 broad axe for 52 gold pieces
 19296 | Orc:1    | Found Faullooc's Jewellery Boutique.
 19402 | Orc:1    | Found Ypaoz's Assorted Antiques.
 19407 | Orc:1    | Bought a potion of curing for 84 gold pieces
 19407 | Orc:1    | Bought a fizzy green potion for 25 gold pieces
 19407 | Orc:1    | Bought a scroll labelled MAGGEE FYISS for 28 gold pieces
 19561 | Orc:2    | Entered Level 2 of the Orcish Mines
 19660 | Orc:2    | Found a staircase to the Elven Halls.
 19911 | Orc:2    | Reached XP level 16. HP: 134/146 MP: 28/28
 20305 | Orc:2    | Found Ozoi's Antique Weapon Shoppe.
 20305 | Orc:2    | Found Yleicor's Armour Shop.
 20307 | Orc:2    | Found Wueb's Book Boutique.
 20309 | Orc:2    | Found Gaups's Weapon Emporium.
 20443 | Orc:1    | Noticed Nergalle
 20452 | Orc:2    | Killed Nergalle
 20623 | Orc:1    | Found Mevir's General Store.
 20632 | Orc:1    | Bought a potion of cancellation for 96 gold pieces
 20632 | Orc:1    | Bought a condenser vane for 480 gold pieces
 20632 | Orc:1    | Bought a potion of curing for 36 gold pieces
 20842 | D:13     | Found a gate to the Vaults.
 20963 | D:13     | Found a portal to a secret trove of treasure.
 22141 | D:14     | Reached skill level 17 in Axes
 22161 | D:14     | Found a frozen archway.
 22171 | IceCv    | Entered an ice cave
 23064 | IceCv    | HP: 11/220 [entropy weaver simulacrum (10)]
 23076 | IceCv    | Noticed an Ice Fiend
 23080 | IceCv    | Killed from afar by an Ice Fiend

Illustrated notes

Levels and vault maps discovered:
D:1:      dpeg_arrival_water_fire, layout_basic, basic_ecumenical_altar,
          minmay_pentomino_u4
D:2:      layout_basic, serial_rivers, chequers_serial_rivers_marsh,
          chequers_serial_rivers_large_a, chequers_serial_rivers_small_3,
          chequers_serial_rivers_micro_d, chequers_serial_rivers_micro_a,
          minmay_crystal_room, minmay_door_square
D:3:      layout_rooms
D:4:      layout_basic, minmay_temple_entry_large_hall
D:5:      layout_basic, ebering_ghost_gozag, minmay_manual_maat
D:6:      layout_basic, lemuel_crystal_altar, serial_rivers,
          chequers_serial_rivers_large_b, chequers_serial_rivers_micro_c,
          chequers_serial_rivers_small_b, chequers_serial_rivers_micro_b,
          chequers_serial_rivers_micro_c, chequers_serial_rivers_small_a,
          gup_sewer_entry_glass, centaur_isle, uniq_menkaure
D:7:      layout_rooms, uniq_pikel
D:8:      layout_loops_cross, enter_bailey_7, roderic_batcave,
          minmay_small_thing
D:9:      layout_rooms, ebering_ghost_funeral_grove
D:10:     layout_rooms, dpeg_oklobed_lair
D:11:     layout_long_grid, minmay_orc_entry_guard_dogs, elyvilon_altar_5
D:12:     layout_long_grid, uniq_josephine
D:13:     layout_long_grid, grunt_vaults_entry_tiered, enter_trove_2
D:14:     layout_long_grid, portal_ice_cave_entry_dragon, minmay_holes,
          bh_walls_and_bars
Lair:1:   layout_roguey, serial_bayou, serial_bayou_lagoon_b,
          serial_bayou_crossing, serial_bayou_lagoon_a, serial_bayou_pond_a
Lair:2:   layout_chaotic_city, minmay_swamp_entry_reptiles, dummy_snake_entry,
          serial_bayou_pond_e, grunt_megastairs_3
Lair:3:   layout_roguey, lemuel_fruit_tree
Lair:4:   layout_regular_city, nicolae_volcano_entry_batcave,
          nicolae_lair_lil_pond
Lair:5:   layout_gridlike, ebering_ghost_xom
Lair:6:   evilmike_catoblepas_cave, layout_regular_city, slime_altar_2,
          chequers_serial_rivers_small_3, hangedman_lair_unloving_vines,
          grunt_forest_stairs_basic, grunt_forest_large_clearings,
          grunt_megastairs_4, uniq_urug
Orc:1:    layout_caves, serial_shops, nicolae_lakefront_shop,
          nicolae_shop_hallway_stairs, nicolae_shop_bloodbath_and_beyond,
          nicolae_shop_stone, uniq_erica, uniq_nergalle, uniq_harold
Orc:2:    st_orc_rangers, layout_caves
IceCv:    ice_cave_caverns_01

Skill      XL: |  1  2  3  4  5  6  7  8  9 10 11 12 13 14 15 16 |
---------------+-------------------------------------------------+-----
Axes           | 3 5 6 8 10 13 16 17 | 17.4
Fighting       | 4 5 7 9 10 12 14 | 14.8
Armour         | 4 6 8 9 11 12 | 12.0
Shields        | 4 6 10 12 | 12.0
Throwing       | 2 4 6 7 8 10 | 10.0
Invocations    | 2 6 9 10 12 14 16 | 16.8
Dodging        | 2 4 5 6 |  6.0

Action                   |  1- 3 |  4- 6 |  7- 9 | 10-12 | 13-15 | 16-18 || total
-------------------------+-------+-------+-------+-------+-------+-------++-------
Melee: War axe           |    89 |   160 |   293 |   622 |  1206 |       ||  2370
       Broad axe         |       |       |       |       |   109 |   433 ||   542
Invok: Upheaval          |       |       |       |    10 |    21 |       ||    31
       Elemental Force   |       |       |       |     1 |     2 |     1 ||     4
       Disaster Area     |       |       |       |     1 |       |       ||     1
Evoke: Wand              |       |       |       |     4 |       |       ||     4
  Use: Scroll            |       |       |     6 |     3 |     4 |     3 ||    16
       Potion            |       |       |       |       |     1 |     4 ||     5
 Stab: Paralysed         |       |       |       |     1 |     1 |       ||     2
Armor: Scale mail        |    42 |    46 |       |       |       |       ||    88
       Plate armour      |       |    29 |   153 |    69 |       |       ||   251
       Chain mail        |       |       |       |   232 |   656 |   164 ||  1052
       Skin              |       |       |       |       |       |    14 ||    14
Dodge: Dodged            |    36 |    64 |    82 |   146 |   386 |    95 ||   809
       Repelled          |       |       |       |     1 |     4 |     2 ||     7
Block: Buckler           |    24 |    41 |   109 |   282 |   280 |       ||   736
       Kite shield       |       |       |       |       |   620 |   377 ||   997
